 Dungeon Crawl Stone Soup version 0.29.1-1-gd02db6906a (webtiles) character file.

Game seed: 4758235617490844261

3362 safid the Marksminotaur (level 9, -3/68 (69) HPs)
             Began as a Minotaur Hunter on Oct 14, 2022.
             Was a Priest of Okawaru.
             Slain by Psyche
             ... wielding a +2 dagger of chaos
              (6 damage)
             ... on level 7 of the Dungeon.
             The game lasted 00:19:47 (9016 turns).

safid the Marksminotaur (Minotaur Hunter)           Turns: 9016, Time: 00:19:47

HP:   -3/68 (69)    AC:  5    Str: 15    XL:     9   Next: 73%
MP:   8/8           EV: 12    Int:  6    God:    Okawaru [***...]
Gold: 300           SH:  0    Dex: 19    Spells: 8/8 levels left

rFire   . . .      SeeInvis .   e - +1 shortbow (freeze)
rCold   . . .      Faith    .   (shield currently unavailable)
rNeg    . . .      Spirit   .   c - +0 leather armour
rPois   .          Reflect  .   (helmet restricted)
rElec   .          Harm     .   (no cloak)
rCorr   .          Rampage  .   d - +0 pair of gloves
Will    .....                   g - +0 pair of boots
Stlth   ++........              (no amulet)
HPRegen 0.21/turn               (no ring)
MPRegen 0.11/turn               (no ring)

@: brilliant, lethally poisoned (-3 -> -17), about to teleport, lightly drained
A: horns 2, retaliatory headbutt
a: Renounce Religion, Heroism


You were on level 7 of the Dungeon.
You worshipped Okawaru.
Okawaru was most pleased with you.
You visited 2 branches of the dungeon, and saw 9 of its levels.
You also visited: Sewer.

You collected 300 gold pieces.

Inventory:

Hand Weapons
 e - a +1 shortbow of freezing (weapon)
Missiles
 b - 2 curare-tipped darts
 B - 11 javelins
Armour
 c - a +0 leather armour (worn)
 d - a +0 pair of gloves (worn)
 g - a +0 pair of boots (worn)
Wands
 n - a wand of flame (16)
 s - a wand of iceblast (13)
Scrolls
 h - 2 scrolls of teleportation
 p - 2 scrolls of brand weapon
 u - a scroll of torment {unknown}
 v - 2 scrolls of noise {unknown}
 w - 2 scrolls of enchant weapon {unknown}
 x - a scroll of amnesia {unknown}
 y - 6 scrolls of magic mapping
 C - a scroll of fog {unknown}
 D - a scroll of silence {unknown}
 E - a scroll of fear {unknown}
Potions
 i - 3 potions of degeneration {unknown}
 j - 3 potions of haste
 k - a potion of curing {unknown}
 l - 2 potions of flight {unknown}
 m - a potion of berserk rage {unknown}
 o - a potion of invisibility {unknown}
 t - a potion of brilliance
 z - 3 potions of magic
 F - a potion of might {unknown}


   Skills:
 - Level 3.0 Fighting
 + Level 15.3 Ranged Weapons
 - Level 2.1 Dodging
 - Level 0.7 Stealth


You had 8 spell levels left.
You didn't know any spells.
Your spell library contained the following spells:

 Spells                   Type           Power      Damage    Failure   Level
 Sublimation of Blood     Necr           0%         N/A       67%         2
 Portal Projectile        Hex/Tloc       0%         N/A       88%         3
 Leda's Liquefaction      Hex/Erth       0%         N/A       99%         4
 Petrify                  Tmut/Erth      0%         N/A       99%         4
 Irradiate                Conj/Tmut      0%         3d11      100%        5
 Summon Small Mammal      Summ           Unusable   N/A       N/A         1
 Call Canine Familiar     Summ           Unusable   N/A       N/A         3
 Summon Guardian Golem    Hex/Summ       Unusable   N/A       N/A         3

Dungeon Overview and Level Annotations

Branches:
Dungeon (8/15)             Temple (1/1) D:4           Sewer (visited)
   Lair: D:8-11

Altars:
Ashenzari
Cheibriados
Dithmenos
Elyvilon
Fedhas
Hepliaklqana
Makhleb
Nemelex Xobeh
Okawaru
Qazlal
Sif Muna
Uskayaw
Xom
Yredelemnul
Zin
The Shining One

Shops:
D:5 =

Annotations:
D:2 1 runed translucent door, Crazy Yiuf
D:5 Duvessa
D:6 2 transporters
D:8 Psyche


Innate Abilities, Weirdness & Mutations

You have a pair of horns on your head.
You reflexively headbutt those who attack you in melee.


Message History

Something hits you but does no damage.
You feel drained.
There is a stone staircase leading up, spattered with blood here.
The water moccasin hisses angrily.
Something hits you. Something burns you. Something hits you.
You climb upwards.
Reactivating autopickup.
There is a stone staircase leading down here.
You start resting.
Something hits you but does no damage.
Deactivating autopickup; reactivate with Ctrl-A.
Unknown command.
Something hits you.
Something tries to affect you, but you resist.
As you read the scroll of teleportation, it crumbles to dust.
You feel strangely unstable. Something hits you! Something hits you.
Something hits you! Something burns you.
Your surroundings suddenly seem different.
Something hits you.
You feel your power leaking away. Something hits you.
You are poisoned.
You feel very sick.
There is a stone staircase leading up here.
As you read the scroll of teleportation, it crumbles to dust.
You feel strangely unstable.
You feel very sick. Something hits you!
* * * LOW HITPOINT WARNING * * *
Something burns you.
* * * LOW HITPOINT WARNING * * *
It was a potion of magic.
Magic courses through your body.
You feel sick.
You hear some strange, mumbled words.
Something hits you.
* * * LOW HITPOINT WARNING * * *
You are lethally poisoned!
It was a potion of brilliance.
You feel clever all of a sudden.
* * * LOW HITPOINT WARNING * * *
You feel very sick. Something hits you.
You die...

....##....[###.........#.........
#)#.##......##.................#.
.[###.......###...............##.
..###................##....##....
......#....................#..#.#
......#............[.##........##
.##....#..............#..#....##
.###.^##......)..........##.###
.#####.#........@.......#####
...##..#..#.....{......##
...##.........#........##
..#####.##....#.........####
..### ###..#...........##..#
#...#####..#...........#...###
#....#.##..#......>..........#
##......#............#.......#
#..................##.......#


There were no monsters in sight!

Vanquished Creatures
  Joseph (D:7)
  A wyvern (D:8)
  2 steam dragons
  2 water moccasins (D:7)
  2 black bears
  A sky beast (D:6)
  An ogre (D:5)
  4 centaurs
  6 kobold brigands
  2 bullfrogs
  A scorpion (D:6)
  A necrophage (D:6)
  9 wights
  Dowan (D:5)
  4 hounds
  An orc priest (D:6)
  3 jellies
  A gnoll bouda (D:7)
  3 orc wizards
  10 gnolls
  3 river rats
  5 adders
  A white imp (D:7)
  3 worms
  4 dart slugs
  13 orcs
  4 endoplasms
  7 giant cockroaches
  4 goblins
  8 hobgoblins
  3 jackals (D:3)
  13 kobolds
  2 quokkas (D:1)
  12 ball pythons
  4 bats
  5 frilled lizards
  13 rats
160 creatures vanquished.

Vanquished Creatures (others)
  A plant (D:3)
1 creature vanquished.

Grand Total: 161 creatures vanquished

Notes
Turn   | Place    | Note
-------+----------+-------------------------------------------
     0 | D:1      | safid the Minotaur Hunter began the quest for the Orb.
     0 | D:1      | Reached XP level 1. HP: 18/18 MP: 0/0
   183 | D:1      | Reached XP level 2. HP: 25/25 MP: 1/1
   392 | D:1      | Reached skill level 5 in Ranged Weapons
   686 | D:1      | Reached XP level 3. HP: 31/31 MP: 2/2
  1051 | D:2      | Reached XP level 4. HP: 34/38 MP: 3/3
  1170 | D:2      | Reached skill level 6 in Ranged Weapons
  1253 | D:2      | Found a runed translucent door.
  1254 | D:2      | Noticed Crazy Yiuf
  1759 | D:3      | Identified the +0 robe "Fufuh" {rC+ Int+2}
  2198 | D:4      | Found a sparkling altar of Nemelex Xobeh.
  2271 | D:4      | Noticed a bullfrog
  2463 | D:4      | Found a staircase to the Ecumenical Temple.
  2486 | D:4      | Reached XP level 5. HP: 45/45 MP: 4/4
  2527 | D:4      | Reached skill level 7 in Ranged Weapons
  2606 | D:4      | Found a glowing drain.
  2612 | Sewer    | Entered a sewer
  2799 | Sewer    | Reached skill level 8 in Ranged Weapons
  2799 | Sewer    | Reached XP level 6. HP: 51/51 MP: 5/5
  3218 | Sewer    | Reached skill level 9 in Ranged Weapons
  3389 | Temple   | Entered the Ecumenical Temple
  3395 | Temple   | Became a worshipper of Warmaster Okawaru
  3582 | D:4      | Reached XP level 7. HP: 39/57 MP: 6/6
  3730 | D:4      | Found a glowing golden altar of the Shining One.
  3733 | D:4      | Noticed an angel
  3749 | D:4      | Found a basalt altar of Yredelemnul.
  3831 | D:5      | Entered Level 5 of the Dungeon
  4071 | D:5      | Found Maegroo's Jewellery Shop.
  4083 | D:5      | Noticed Duvessa
  4084 | D:5      | Noticed Dowan
  4357 | D:5      | Killed Dowan
  4358 | D:5      | Reached skill level 10 in Ranged Weapons
  4829 | D:6      | Reached skill level 11 in Ranged Weapons
  4829 | D:6      | Reached XP level 8. HP: 50/63 MP: 7/7
  5183 | D:6      | Reached * piety under Okawaru
  5515 | D:5      | Reached skill level 12 in Ranged Weapons
  5690 | D:6      | Found a transporter.
  6124 | D:6      | Found a transporter.
  6605 | D:6      | Noticed a kobold demonologist
  6663 | D:6      | Reached skill level 13 in Ranged Weapons
  6763 | D:6      | Reached ** piety under Okawaru
  7264 | D:7      | Reached XP level 9. HP: 32/69 MP: 8/8
  7810 | D:7      | Reached skill level 14 in Ranged Weapons
  8246 | D:7      | Noticed Joseph
  8260 | D:7      | HP: 2/68 [Joseph/+0 quarterstaff (12)]
  8261 | D:7      | Killed Joseph
  8261 | D:7      | Reached *** piety under Okawaru
  8685 | D:8      | Reached skill level 15 in Ranged Weapons
  8809 | D:8      | Noticed Psyche
  9016 | D:7      | HP: 3/68 [poisoned by Psyche]
  9016 | D:7      | Slain by Psyche

Illustrated notes

Levels and vault maps discovered:
D:1:      minmay_arrival_five_plusses, layout_loops_ring
D:2:      layout_basic, uniq_crazy_yiuf_cottage
D:3:      layout_basic, saegor_snake_ambush
D:4:      layout_loops_ring, grunt_temple_overflow_holy_war,
          mainiacjoe_overflow_six_doors_small, minmay_temple_entry_water_ring,
          portal_sewer_entry_e, nicolae_figureground_sparkle
D:5:      layout_basic, grunt_ministairs_5, nicolae_take_the_stairs,
          uniq_duvessa
D:6:      gammafunk_wand_slinger, layout_basic, reono_crystal_passage,
          kennysheep_cluttered_room
D:7:      layout_cave_pools, hex_tiny, uniq_joseph
D:8:      layout_rooms, nicolae_wu_jian_wuxing_cycle, ebering_ghost_gozag,
          uniq_prince_ribbit1, uniq_maurice, uniq_amaemon, uniq_psyche
Temple:   nicolae_temple_x_marks_the_god

Skill      XL: |  1  2  3  4  5  6  7  8  9 |
---------------+----------------------------+-----
Fighting       | 3 |  3.0
Ranged Weapons | 5 6 8 9 11 13 15 | 15.3
Dodging        | |  2.1
Stealth        | |  0.7

Action                   |  1- 3 |  4- 6 |  7- 9 || total
-------------------------+-------+-------+-------++-------
Melee: Shortbow          |       |       |     1 ||     1
 Fire: Shortbow          |   118 |   194 |   386 ||   698
  Use: Scroll            |       |       |    10 ||    10
       Potion            |       |       |     5 ||     5
Armor: Leather armour    |    17 |    47 |    50 ||   114
Dodge: Dodged            |    22 |    67 |    82 ||   171
